 Dungeon Crawl Stone Soup version 0.30-b1-2-g02819fbbbe (webtiles) character file.

Game seed: 8410492993258557081

602 Metae the Trooper (level 7, -1/61 HPs)
             Began as a Minotaur Fighter on June 27, 2023.
             Slain by a lemure (4 damage)
             ... led by Pikel
             ... on level 4 of the Dungeon.
             The game lasted 00:08:13 (3694 turns).

Metae the Trooper (Minotaur Fighter)                Turns: 3694, Time: 00:08:14

Health: -1/61      AC:  8    Str: 22    XL:     7   Next: 18%
Magic:  6/6        EV: 10    Int:  5    God:
Gold:   196        SH:  5    Dex: 10    Spells: 6/6 levels left

rFire   . . .        C - +2 short sword (venom)
rCold   . . .        c - +0 buckler
rNeg    . . .        b - +0 scale mail
rPois   .            (helmet restricted)
rElec   .            G - scarf {repulsion}
rCorr   .            u - +0 pair of gloves
SInv    .            (no boots)
Will    .....        (no amulet) Stlth
                     (no ring)
HPRegen 0.30/turn    (no ring)
MPRegen 0.10/turn

%: repel missiles
@: no status effects
A: horns 2, retaliatory headbutt
a: no special abilities


You were on level 4 of the Dungeon.
You visited 1 branch of the dungeon, and saw 5 of its levels.
You also visited: Sewer.

You collected 196 gold pieces.

Inventory:

Hand Weapons
 l - a +0 sling
 C - a +2 short sword of venom (weapon)
 D - a +1 dagger of flaming
Missiles
 m - 49 stones (quivered)
 q - 11 poisoned darts
 A - a throwing net
Armour
 b - a +0 scale mail (worn)
 c - a +0 buckler (worn)
 h - a +0 plate armour
 u - a +0 pair of gloves (worn)
 G - a scarf of repulsion (worn)
Jewellery
 v - an amulet of magic regeneration
Scrolls
 g - a scroll of fog {unknown}
 i - a scroll of brand weapon {unknown}
 j - 2 scrolls of magic mapping {unknown}
 k - 3 scrolls of identify {unknown}
 n - a scroll of immolation {unknown}
 o - 2 scrolls of enchant armour {unknown}
 r - 4 scrolls of silence {unknown}
 w - a scroll of poison {unknown}
 x - a scroll of butterflies {unknown}
 y - a scroll of enchant weapon {unknown}
 E - a scroll of vulnerability {unknown}
Potions
 d - 2 potions of might
 e - a potion of heal wounds {unknown}
 f - 5 potions of brilliance {unknown}
 p - a potion of invisibility {unknown}
 t - a potion of curing {unknown}
 z - a potion of haste {unknown}
 B - a potion of cancellation {unknown}
 F - a potion of attraction {unknown}


   Skills:
 + Level 5.5 Fighting
 + Level 4.3 Short Blades
 + Level 5.4 Armour
 + Level 3.5 Dodging
 + Level 5.3 Shields


You had 6 spell levels left.
You didn't know any spells.
Your spell library contained the following spells:

 Spells                   Type           Power      Damage    Failure   Level
 Sandblast                Erth           0%         2d4       85%         1
 Blink                    Tloc           0%         N/A       94%         2
 Lesser Beckoning         Tloc           0%         N/A       94%         2
 Momentum Strike          Conj/Tloc      0%         3d8       94%         2
 Passwall                 Tmut/Erth      0%         N/A       94%         2
 Stone Arrow              Conj/Erth      0%         3d7       99%         3


Dungeon Overview and Level Annotations

Branches:
Dungeon (5/15)              Sewer (visited)
 Temple: D:4-7

Altars:
Cheibriados

Shops:
D:4 *

Annotations:
D:4 2 transporters, Vorhees's ghost, amateur DjHs
D:5 Pikel


Innate Abilities, Weirdness & Mutations

You have a pair of horns on your head.
You reflexively headbutt those who attack you in melee.


Message History

There is a stone staircase leading up, spattered with blood here.
You see here an iguana corpse.
You feel sick. The adder bites you but does no damage.
The lemure barely misses you.
You climb upwards.
Level annotation: 2 transporters, Vorhees's ghost, amateur DjHs You feel sick.
You are no longer poisoned.
There is a stone staircase leading down here.
You completely miss the adder. The adder closely misses you.
The lemure closely misses you.
You hit the adder.
The adder is lightly wounded.
The adder closely misses you. You furiously retaliate!
You headbutt the adder!
You kill the adder!
The lemure hits you but does no damage. The lemure closely misses you.
You see here an adder corpse.
You barely miss the lemure.
You headbutt the lemure, but do no damage.
You closely miss the lemure. The lemure hits you.
* * * LOW HITPOINT WARNING * * *
You hit the lemure but do no damage.
The lemure is poisoned.
You are no longer corroded.
The lemure closely misses you. You furiously retaliate!
You headbutt the lemure! You barely miss the lemure.
Your headbutt misses the lemure.
The lemure is moderately wounded.
The lemure hits you.
* * * LOW HITPOINT WARNING * * *
You miss the lemure.
You headbutt the lemure, but do no damage.
The lemure is heavily wounded.
You hit the lemure.
The lemure looks as sick as possible!
The lemure is heavily wounded.
The lemure hits you.
* * * LOW HITPOINT WARNING * * *
Okay, then.
The lemure attacks as you move away! The lemure hits you.
You die...

..........####################
.....#.........#
..##.####.####.#
..##......####.#####
.....######........# .###.#
#..#.#.#.# .###.### #..#.#.#.#
.......# #..#.>5#.# .#.....#
#..##.@#.# .#.....# #........#
.#.)...# #......### .#.....#
#####.## .####### ###.# .#
#...# .# #.### .## #.# ..#
#######.#


You could see a lemure (extremely poisoned).

Vanquished Creatures
  A black bear (D:4)
  Pargi (Sewer)
  A scorpion (D:4)
  A jelly (D:5)
  2 hounds (D:3)
  2 iguanas
  An orc wizard (D:4)
  A gnoll (D:3)
  9 adders
  2 worms (D:3)
  2 dart slugs (D:2)
  4 orcs
  4 ball pythons
  7 bats
  12 endoplasms
  3 giant cockroaches
  6 goblins
  9 hobgoblins
  7 jackals
  2 quokkas (D:4)
  3 frilled lizards
  7 kobolds
  6 rats
93 creatures vanquished.

Vanquished Creatures (others)
  6 plants (D:4)
6 creatures vanquished.

Grand Total: 99 creatures vanquished

Notes
Turn   | Place    | Note
-------+----------+-------------------------------------------
     0 | D:1      | Metae the Minotaur Fighter began the quest for the Orb.
     0 | D:1      | Reached XP level 1. HP: 19/19 MP: 0/0
   152 | D:1      | Reached XP level 2. HP: 27/27 MP: 1/1
   363 | D:1      | You fall into a shaft and drop 1 floor!
   381 | D:2      | Reached skill level 1 in Dodging
   439 | D:2      | Reached XP level 3. HP: 31/33 MP: 2/2
  1227 | D:2      | Reached XP level 4. HP: 40/40 MP: 3/3
  1574 | D:3      | Found a glowing drain.
  1600 | Sewer    | Entered a sewer
  1782 | Sewer    | Noticed Pargi
  1797 | Sewer    | Killed Pargi
  1798 | Sewer    | Reached XP level 5. HP: 35/47 MP: 4/4
  2103 | D:3      | Found a snail-covered altar of Cheibriados.
  2704 | D:3      | Reached XP level 6. HP: 53/55 MP: 5/5
  2815 | D:4      | Found a transporter.
  2815 | D:4      | Found a transporter.
  2887 | D:4      | Reached skill level 5 in Fighting
  2956 | D:4      | Reached skill level 5 in Armour
  2956 | D:4      | Reached skill level 5 in Shields
  3300 | D:4      | Found Oreen's Gadget Gallery.
  3481 | D:4      | Reached XP level 7. HP: 53/61 MP: 6/6
  3544 | D:4      | Noticed Vorhees's ghost (amateur DjHs)
  3670 | D:5      | Entered Level 5 of the Dungeon
  3674 | D:5      | Noticed Pikel
  3692 | D:4      | HP: 3/61 [lemure[Pikel] (5)]
  3694 | D:4      | Slain by a lemure

Illustrated notes

Levels and vault maps discovered:
D:1:      spicycebolla_arrival_xxxplode, layout_rooms, serial_forest,
          infiniplex_forest_clump_medium, infiniplex_forest_lined_4_way,
          infiniplex_forest_join, infiniplex_forest_end_1,
          infiniplex_forest_end_2, minmay_pentomino_z4
D:2:      layout_rooms
D:3:      layout_basic, mainiacjoe_overflow_boulevard,
          cheibrodos_sewer_entry_bend, minmay_misc_feat_secret_circle,
          cheibrodos_gnoll_hut
D:4:      layout_loops_cross, gammafunk_ghost_gnarly_gnolls,
          nicolae_shop_gadgets
D:5:      layout_loops_ring, mainiacjoe_overflow_brackets,
          minmay_temple_entry_slanted, uniq_pikel

Skill      XL: |  1  2  3  4  5  6 |
---------------+-------------------+-----
Dodging        | 1 2 3 |  3.5
Fighting       | 4 5 |  5.5
Shields        | 4 5 |  5.3
Armour         | 4 5 |  5.4
Short Blades   | 3 4 |  4.3

Action                     |  1- 3 |  4- 6 |  7- 9 || total
---------------------------+-------+-------+-------++-------
  Melee: Rapier            |   106 |   167 |       ||   273
         Headbutt          |    12 |    28 |     5 ||    45
         Short sword       |       |    10 |    16 ||    26
 Armour: Scale mail        |    60 |   100 |     6 ||   166
  Dodge: Dodged            |    51 |    85 |    11 ||   147
  Block: Buckler           |    25 |    38 |       ||    63
